 Dungeon Crawl Stone Soup version 0.19.4-8-ga85b6b9 (webtiles) character file.

13868 Jm2c the Covert (level 11, 0/55 HPs)
             Began as a Felid Berserker on Feb 9, 2017.
             Was an Elder of Trog.
             Slain by a five-headed hydra (14 damage)
             ... on level 2 of the Lair of Beasts on Feb 11, 2017.
             The game lasted 02:44:23 (13457 turns).

Jm2c the Covert (Felid Berserker)                  Turns: 13457, Time: 02:44:23

Health: 0/55       AC:  2    Str: 18    XL:     11   Next: 81%
Magic:  12/12      EV: 29    Int:  9    God:    Trog [****..]
Gold:   527        SH:  0    Dex: 17    Spells: 0 memorised, 10 levels left
                                        Lives:  0   Deaths: 3

rFire  . . .     SeeInvis +       - Unarmed
rCold  . . .     Gourm    .     (armour unavailable)
rNeg   . . .     Faith    .     (shield unavailable)
rPois  .         Spirit   .     (helmet unavailable)
rElec  .         Reflect  .     (cloak unavailable)
rCorr  +         Harm     .     (gloves unavailable)
MR     +++..                    (boots unavailable)
Stlth  ++++++....               (no amulet)
                                b - ring of resist corrosion
                                n - +3 ring of strength

@: lethally poisoned (0 -> -1), regenerating, quick
A: no armour, no weapons or thrown items, stealth, claws 1, fangs 3, see
invisible, carnivore 3, speed 1, shaggy fur 2, slow metabolism 1, sharp paws
a: Berserk, Trog's Hand, Brothers in Arms, Burn Spellbooks, Renounce Religion


You were on level 2 of the Lair of Beasts.
You worshipped Trog.
Trog was greatly pleased with you.
You were very full.

You visited 3 branches of the dungeon, and saw 14 of its levels.

You collected 575 gold pieces.
You spent 48 gold pieces at shops.

Inventory:

Jewellery
 b - a ring of resist corrosion (right paw)
 j - an uncursed ring of wizardry
 n - a +3 ring of strength (left paw)
 t - an uncursed ring of magical power
Wands
 p - a wand of random effects (22/48)
 s - a wand of paralysis (14/24)
 u - a wand of polymorph (13/24)
 y - a wand of acid (6/15)
 A - a wand of acid (6/15)
 C - a wand of lightning (4/15)
Scrolls
 c - 2 scrolls of fear
 w - 2 scrolls of remove curse
 E - a scroll of recharging
 H - a scroll of teleportation
Potions
 d - 3 potions of degeneration {unknown}
 e - 4 potions of curing
 f - 3 potions of might {unknown}
 g - 2 potions of flight {unknown}
 h - 2 potions of brilliance {unknown}
 i - 2 potions of heal wounds {unknown}
 k - a potion of mutation {unknown}
 l - 2 potions of ambrosia {unknown}
 m - 4 potions of haste
 o - 2 potions of invisibility {unknown}
 q - a potion of resistance
 r - a potion of lignification {unknown}
 v - 2 potions of agility {unknown}
 B - a potion of cancellation {unknown}
Books
 F - a book of Unlife

   Spells                             Type                      Level
   a - Recall                         Summoning/Translocation      3
   b - Animate Dead                   Necromancy                   4
   c - Control Undead                 Necromancy                   4
   d - Cigotuvi's Embrace             Necromancy                   5
   e - Death Channel                  Necromancy                   6
   f - Simulacrum                     Ice/Necromancy               6
   Trog disapproves of the use of such an item.
Comestibles
 a - a meat ration
 x - 3 beef jerkies
 z - 8 slices of pizza
 D - a royal jelly
 G - 2 chunks of flesh


   Skills:
 + Level 10.6 Fighting
 + Level 13.5 Dodging
 + Level 13.9 Stealth
 + Level 10.5 Unarmed Combat


You had 10 spell levels left.
You didn't know any spells.

Dungeon Overview and Level Annotations

Branches:
Dungeon (11/15)            Temple (1/1) D:7            Lair (2/6) D:9
    Orc (0/2) D:10
  Swamp: Lair:2-4    Shoals: Lair:2-4     Snake: Lair:2-4    Spider: Lair:2-4

Altars:
Ashenzari
Elyvilon
Fedhas
Hepliaklqana
Kikubaaqudgha
Makhleb
Nemelex Xobeh
Ru
Trog
Uskayaw
Vehumet
Yredelemnul
Zin
The Shining One

Shops:
D:4 (   D:6 ?

Annotations:
D:4 Delusionist's ghost, novice DsCK
D:10 exclusion: oklob plant


Innate Abilities, Weirdness & Mutations

You cannot wear armour.
You are incapable of wielding weapons or throwing items.
Your paws allow you to move quietly. (Stealth)
You have sharp claws.
You have razor-sharp teeth.
You have supernaturally acute eyesight. (SInv)
You are carnivorous and can eat meat at any time.
You cover ground quickly.
You are covered in thick fur. (AC +2)
You have a slow metabolism.
Your sharp claws are effective at attacking unaware monsters.


Message History

You feel sick. The black mamba completely misses you.
You miss the black mamba.
The black mamba is almost dead.
You feel sick. The black mamba completely misses you.
You feel sick.
Found a stone staircase leading down.
The black mamba completely misses you.
Your ogre hits the black mamba with a giant club!!
The black mamba dies!
Trog accepts your kill.
Your skin crawls.
You feel resistant to hostile enchantments.
You feel sick.
Your ogre hits the five-headed hydra with a giant club!!
The five-headed hydra completely misses you.
The five-headed hydra bites you!
* * * LOW HITPOINT WARNING * * *
The five-headed hydra completely misses you. x2
The five-headed hydra bites you!
You die...

..........#.#..####.
#.........##.#...... P
##..##.##..<..## ..
.....<##.......## ...
.....#.....⌠....## ....
....#....#.#.#...## .....
##......##...##O..#......
#......#########D..#....
..#....# #.@......#
.+...... ..............#
.#⌠..... ..>..⌠....S⌠..#
........ ............+.#
..#.$..#.#...###...#.# #
##.# #....... ..#
........P .# ..##.....


You could see a five-headed hydra, a water moccasin and a friendly ogre
(berserk).

Vanquished Creatures
  A hydra (D:11)
  The ghost of Elizilla the Basher, a novice FoFi of Uskayaw (D:7)
  3 hill giants (D:10)
  Pikel (D:6)
  A deep elf mage (D:9)
  2 black mambas (Lair:1)
  Psyche (D:8)
  2 spiny frogs (Lair:1)
  A gargoyle (D:10)
  A rime drake (Lair:1)
  2 komodo dragons
  A troll (D:9)
  A hornet (D:10)
  A two-headed ogre (D:10)
  3 hippogriffs
  Sigmund (D:6)
  23 yaks
  4 hogs (D:7)
  A human (D:7)
  A steam dragon (D:10)
  Edmund (D:5)
  3 water moccasins
  2 porcupines
  6 orc warriors
  Purgy (D:4)
  2 black bears
  A sky beast (D:9)
  3 ice beasts
  2 phantoms
  3 wolves (D:9)
  5 ogres
  A crocodile (Lair:1)
  4 centaurs
  6 bullfrogs
  4 scorpions
  9 killer bees
  3 howler monkeys
  9 wights
  An electric eel (D:9)
  A bullfrog zombie (D:10)
  10 crimson imps
  A quasit (D:10)
  6 orc priests
  2 jellies
  2 bullfrog skeletons (D:10)
  8 orc wizards
  10 hounds
  Jessica (D:3)
  2 iguanas
  Ijyb (D:3)
  2 worker ants
  Terence (D:3)
  A killer bee zombie (D:10)
  A howler monkey zombie (D:8)
  A worker ant zombie (D:5)
  10 adders
  2 shadow imps
  A dart slug (D:4)
  3 leopard geckos
  61 orcs
  3 bats
  4 giant cockroaches
  A goblin (D:2)
  5 hobgoblins
  20 jackals
  A quokka (D:5)
  8 frilled lizards
  4 kobolds (D:1)
  A leopard gecko skeleton (D:4)
  4 rats
296 creatures vanquished.

Vanquished Creatures (collateral kills)
  A black mamba (Lair:2)
1 creature vanquished.

Vanquished Creatures (others)
  A worker ant (D:6)
  2 plants (D:10)
3 creatures vanquished.

Grand Total: 300 creatures vanquished

Notes
Turn   | Place    | Note
-------+----------+-------------------------------------------
     0 | D:1      | Jm2c the Felid Berserker began the quest for the Orb.
     0 | D:1      | Reached XP level 1. HP: 10/10 MP: 2/2
   704 | D:1      | Reached XP level 2. HP: 14/14 MP: 3/3
   957 | D:2      | Reached skill level 1 in Stealth
  1603 | D:3      | Noticed Ijyb
  1621 | D:3      | Killed Ijyb
  1621 | D:3      | Reached XP level 3. HP: 15/17 MP: 4/4
  1630 | D:3      | Reached ** piety under Trog
  1699 | D:3      | Found a glowing golden altar of the Shining One.
  2076 | D:3      | Reached XP level 4. HP: 14/21 MP: 5/5
  2302 | D:3      | Noticed Terence
  2322 | D:3      | Killed Terence
  2322 | D:3      | Reached skill level 5 in Dodging
  2374 | D:3      | Noticed Jessica
  2392 | D:3      | Killed Jessica
  2395 | D:3      | Reached XP level 5. HP: 25/25 MP: 6/6
  2429 | D:3      | Noticed a steam dragon
  2604 | D:4      | Killed from afar by an orc priest
  2605 | D:4      | Reached XP level 4. HP: -3/22 MP: 5/5
  2685 | D:4      | Reached XP level 5. HP: 20/25 MP: 6/6
  2793 | D:4      | Noticed Purgy
  2909 | D:4      | Found Ukko Tenk's Antique Weapon Shoppe.
  2950 | D:4      | Noticed Delusionist's ghost (novice DsCK)
  3086 | D:4      | Noticed a centaur
  3182 | D:4      | Killed Purgy
  3182 | D:4      | Gained mutation: You are covered in thick fur. (AC +2) [Felid growth]
  3182 | D:4      | Reached XP level 6. HP: 29/29 MP: 7/7
  3264 | D:5      | Entered Level 5 of the Dungeon
  3387 | D:4      | Reached skill level 5 in Fighting
  3387 | D:4      | Reached skill level 5 in Stealth
  3626 | D:5      | Noticed Edmund
  3637 | D:5      | Reached XP level 7. HP: 33/33 MP: 8/8
  3660 | D:5      | Killed Edmund
  3660 | D:5      | Reached skill level 5 in Unarmed Combat
  3908 | D:5      | Found a burning altar of Makhleb.
  4014 | D:6      | Found a hide-covered altar of Uskayaw.
  4248 | D:6      | Noticed Sigmund
  4257 | D:6      | Killed Sigmund
  4257 | D:6      | Reached XP level 8. HP: 38/38 MP: 9/9
  4327 | D:6      | Demolished by an orc warrior
  4328 | D:6      | Reached XP level 7. HP: -16/34 MP: 8/8
  4366 | D:6      | Found Xiempov's Magic Scroll Emporium.
  4376 | D:6      | Bought a scroll of identify for 24 gold pieces
  4376 | D:6      | Bought a scroll of identify for 24 gold pieces
  4687 | D:6      | Reached XP level 8. HP: 38/38 MP: 9/9
  4866 | D:6      | Noticed Pikel
  4932 | D:6      | Killed Pikel
  5125 | D:7      | Noticed Elizilla's ghost (novice FoFi)
  5135 | D:7      | Killed Elizilla's ghost
  5135 | D:7      | Reached XP level 9. HP: 43/43 MP: 10/10
  5227 | D:7      | Found a staircase to the Ecumenical Temple.
  5306 | Temple   | Entered the Ecumenical Temple
  5863 | D:7      | Reached skill level 10 in Dodging
  5894 | D:7      | Reached skill level 10 in Stealth
  6004 | D:7      | Reached *** piety under Trog
  6222 | D:8      | Reached XP level 10. HP: 48/48 MP: 11/11
  6305 | D:8      | Noticed Psyche
  6308 | D:8      | Killed Psyche
  7208 | D:9      | Noticed a deep elf mage
  7232 | D:9      | Killed a deep elf mage
  7586 | D:9      | Found an ancient bone altar of Kikubaaqudgha.
  7774 | D:9      | Found a staircase to the Lair.
  8055 | D:10     | Entered Level 10 of the Dungeon
  8061 | D:10     | Found a white marble altar of Elyvilon.
  8062 | D:10     | Noticed an oklob plant
  8105 | D:10     | Slain by a yak
  8106 | D:10     | Reached XP level 9. HP: -1/45 MP: 10/10
  8298 | D:10     | Noticed a hill giant
  8304 | D:10     | Killed a hill giant
  8304 | D:10     | Reached XP level 10. HP: 49/49 MP: 11/11
  8518 | D:10     | Reached **** piety under Trog
  8949 | D:10     | Noticed a hill giant
  8970 | D:10     | Killed a hill giant
  9060 | D:10     | Found a staircase to the Orcish Mines.
  9258 | D:10     | Noticed a gargoyle
  9497 | D:10     | Noticed a hill giant
  9503 | D:10     | Killed a hill giant
  9892 | D:10     | Killed a gargoyle
 10061 | D:11     | Reached XP level 11. HP: 26/54 MP: 12/12
 10089 | D:11     | Noticed a four-headed hydra
 10574 | D:11     | Killed a four-headed hydra
 10758 | Lair:1   | Entered Level 1 of the Lair of Beasts
 10794 | Lair:1   | Reached skill level 10 in Fighting
 11390 | Lair:1   | Reached skill level 10 in Unarmed Combat
 13435 | Lair:2   | Noticed a five-headed hydra
 13457 | Lair:2   | Slain by a five-headed hydra

Skill      XL: |  1  2  3  4  5  6  7  8  9 10 11 |
---------------+----------------------------------+-----
Stealth        | 1 2 4 5 7 9 12 11 13 | 13.9
Dodging        | 5 6 8 9 10 12 13 | 13.5
Fighting       | 4 5 6 7 8 9 10 | 10.6
Unarmed Combat | 4 6 7 8 9 10 | 10.5

Action                   |  1- 3 |  4- 6 |  7- 9 | 10-12 || total
-------------------------+-------+-------+-------+-------++-------
Melee: Unarmed           |    88 |   116 |   252 |   473 ||   929
       Bite              |    10 |     7 |    26 |    70 ||   113
       Punch             |     1 |       |     6 |    29 ||    36
Invok: Berserk           |     1 |     6 |    11 |    23 ||    41
       Trog's Hand       |       |     4 |    10 |    13 ||    27
       Burn Spellbooks   |       |       |       |     1 ||     1
       Brothers in Arms  |       |       |       |     1 ||     1
  Use: Scroll            |     4 |     3 |     4 |     3 ||    14
       Potion            |       |       |       |     4 ||     4
 Stab: Sleeping          |     3 |     4 |    17 |    21 ||    45
       Distracted        |       |       |     3 |     5 ||     8
  Eat: Chunk             |     9 |    13 |    22 |    44 ||    88
Armor: Skin              |     3 |     4 |    10 |    11 ||    28
Dodge: Dodged            |    55 |    89 |   183 |   445 ||   772
